 Dungeon Crawl Stone Soup version 0.31-b1-22-gc680215f68 (webtiles) character file.

Game seed: 11143035579937949856

201706 Strat the Warrior (level 18, -3/208 HPs)
             Began as an Oni Fire Elementalist on Jan 17, 2024.
             Was the Champion of Dithmenos.
             Slain by Donald
             ... wielding a +3 vampiric double sword
              (26 damage)
             ... on level 3 of the Spider Nest on Jan 18, 2024.
             The game lasted 02:24:48 (54680 turns).

Strat the Warrior (Oni Fire Elementalist)          Turns: 54680, Time: 02:24:49

Health: -3/208     AC: 13    Str: 17    XL:     18   Next: 55%
Magic:  32/39      EV: 18    Int: 25    God:    Dithmenos [******]
Gold:   3639       SH:  0    Dex:  7    Spells: 3/52 levels left

rFire   . . .        a - +9 falchion of Indignation {pain, rElec rPois Int+3 SInv}
rCold   . . .        k - sphere of Battle
rNeg    . . .        V - +2 swamp dragon scales
rPois   +            (helmet restricted)
rElec   +            J - +1 cloak
rCorr   .            (gloves unavailable)
SInv    +            (boots unavailable)
Will    +....        w - amulet of magic regeneration
Stlth   +            s - +5 ring of evasion
HPRegen 0.54/turn    e - +5 ring of evasion
MPRegen 0.66/turn

%: no passive effects
@: about to teleport, wreathed by umbra
A: large, unfitting armour, horns 1, tough skin 1, double potion healing,
drunken brawling, clumsy 1
}: 1/15 runes: decaying
a: Renounce Religion, Shadow Step, Shadow Form


You were on level 3 of the Spider Nest.
You worshipped Dithmenos.
Dithmenos was exalted by your worship.
You visited 6 branches of the dungeon, and saw 30 of its levels.
You also visited: Bailey and Volcano.

You collected 5125 gold pieces.
You spent 1486 gold pieces at shops.

Inventory:

Hand Weapons
 a - the +9 falchion of Indignation (weapon) {pain, rElec rPois Int+3 SInv}
   (You found it on level 14 of the Dungeon)

   Int+3:     It affects your intelligence (+3).
   rElec:     It insulates you from electricity.
   rPois:     It protects you from poison SInv: It lets you see invisible.
Missiles
 i - 10 curare-tipped darts
 x - 4 throwing nets
 y - 5 datura-tipped darts (quivered)
 P - 9 large rocks
Armour
 k - the sphere of Battle (worn)
   (You acquired it on level 1 of the Spider Nest)

   Battle:    It summons a battlesphere in combat, with strength depending on
   Conjurations skill.
   Destructive: It enhances your destructive magic, and weakens non-destructive
   magic.
 J - a +1 cloak (worn)
 V - +2 swamp dragon scales (worn)
Magical Staves
 b - a staff of fire
Jewellery
 e - a +5 ring of evasion (right hand)
 j - a ring of willpower
 q - the ring of Sucugan {rC+ Will+ AC+4 Int-4 Dex+2}
   (You took it off a centaur on level 5 of the Dungeon)

   [ring of protection]

   AC+4:      It affects your AC (+4).
   Int-4:     It affects your intelligence (-4).
   Dex+2:     It affects your dexterity (+2).
   rC+:       It protects you from cold.
   Will+:     It increases your willpower.
 s - a +5 ring of evasion (left hand)
 v - a ring of protection from cold
 w - an amulet of magic regeneration (around neck)
 G - the amulet of Life {Reflect Rampage Dex+4 SH+5}
   (You took it off a kobold brigand on level 13 of the Dungeon)

   [amulet of reflection]

   Reflect:   It reflects blocked missile attacks.
   Dex+4:     It affects your dexterity (+4).
   SH+5:      It affects your SH (+5).
   Rampage:   It bestows one free step when moving towards enemies.
 I - the macabre finger necklace {Finger+ rN+}
   (You found it on level 13 of the Dungeon)

   [amulet of nothing]

   Finger+:   It enables you to equip an extra ring.
   rN+:       It protects you from negative energy.
 Z - a ring of willpower
Wands
 p - a wand of flame (38)
 B - a wand of iceblast (20)
 R - a wand of mindburst (16)
 T - a wand of acid (6)
 X - a wand of paralysis (23)
 Y - a wand of polymorph (5)
Scrolls
 f - 12 scrolls of identify
 g - 6 scrolls of vulnerability
 o - 4 scrolls of immolation
 t - a scroll of silence
 u - 3 scrolls of revelation
 C - 2 scrolls of teleportation
 E - a scroll of brand weapon
 H - 3 scrolls of poison
 Q - 2 scrolls of blinking
 S - 3 scrolls of enchant weapon
 W - 3 scrolls of fog
Potions
 c - 9 potions of ambrosia
 d - 6 potions of mutation
 h - 8 potions of haste
 l - 2 potions of invisibility
 m - 7 potions of might
 n - 5 potions of attraction
 r - 5 potions of enlightenment
 z - 5 potions of lignification
 A - 3 potions of berserk rage
 F - 2 potions of brilliance
 L - a potion of heal wounds {unknown}
 M - a potion of resistance
 U - a potion of cancellation
Miscellaneous
 D - a lightning rod (4/4)
 K - a phantom mirror
 N - a box of beasts
 O - a tin of tremorstones (2/2)


   Skills:
 - Level 19.4 Fighting
 - Level 5.0 Armour
 - Level 1.7 Dodging
 - Level 1.4 Stealth
 + Level 17.9 Spellcasting
 + Level 14.4 Conjurations
 + Level 10.9 Summonings
 - Level 12.0 Fire Magic
 - Level 10.0 Invocations


You had 3 spell levels left.
You knew the following spells:

 Your Spells              Type           Power      Damage    Failure   Level
a - Stone Arrow           Conj/Erth      100%       3d13      1%          3
b - Scorch                Fire           100%       2d9       1%          2
c - Swiftness             Air            11%        N/A       12%         3
d - Flame Wave            Conj/Fire      93%        2d20      1%          4
e - Apportation           Tloc           22%        N/A       3%          1
f - Fireball              Conj/Fire      46%        3d18      1%          5
g - Iskenderun's Battles  Conj           97%        2d14      1%          5
h - Starburst             Conj/Fire      46%        6d13      2%          6
i - Summon Blazeheart Go  Fire/Summ      39%        N/A       1%          4
j - Sublimation of Blood  Necr           11%        N/A       6%          2
k - Orb of Destruction    Conj           48%        9d13      9%          7
l - Spellforged Servitor  Conj/Summ      45%        N/A       17%         7

Your spell library contained the following spells:

 Spells                   Type           Power      Damage    Failure   Level
 Foxfire                  Conj/Fire      100%       2x1d9     0%          1
 Shock                    Conj/Air       100%       1d9       1%          1
 Sting                    Conj/Alch      100%       1d9       1%          1
 Call Imp                 Summ           76%        N/A       1%          2
 Hailstorm                Conj/Ice       73%        3d13      1%          3
 Inner Flame              Hex/Fire       68%        N/A       1%          3
 Volatile Blastmotes      Fire/Tloc      100%       2d18      1%          3
 Freeze                   Ice            100%       1d10      3%          1
 Slow                     Hex            44%        N/A       3%          1
 Cigotuvi's Dreadful Rot  Necr/Alch/Air  22%        N/A       6%          2
 Jinxbite                 Hex            22%        N/A       6%          2
 Lesser Beckoning         Tloc           22%        N/A       6%          2
 Confusing Touch          Hex            11%        N/A       12%         3
 Frozen Ramparts          Ice            66%        1d10      12%         3
 Gell's Gravitas          Tloc           11%        N/A       12%         3
 Sigil of Binding         Hex            11%        N/A       12%         3
 Teleport Other           Tloc           11%        N/A       12%         3
 Vampiric Draining        Necr           11%        2d6       12%         3
 Brom's Barrelling Bould  Conj/Erth      73%        2d9       1%          4
 Fulminant Prism          Conj/Alch      36%        3d17      1%          4
 Ignite Poison            Fire/Alch      68%        N/A       3%          4
 Animate Armour           Summ/Erth      48%        N/A       4%          4
 Freezing Cloud           Conj/Ice/Air   31%        6-21      14%         5
 Conjure Ball Lightning   Conj/Air       36%        3x3d12    30%         6
 Airstrike                Air            16%        2d(3-19)  36%         4
 Cause Fear               Hex            5%         N/A       36%         4
 Summon Hydra             Summ           19%        N/A       36%         7
 Alistair's Intoxication  Alch           7%         N/A       71%         5
 Borgnjor's Vile Clutch   Necr/Erth      5%         N/A       71%         5
 Haunt                    Necr/Summ      12%        N/A       98%         7
 Eringya's Noxious Bog    Alch           16%        4d6       99%         6
 Ozocubu's Refrigeration  Ice            16%        4d11      100%        7
 Borgnjor's Revivificati  Necr           5%         N/A       100%        8
 Lehudib's Crystal Spear  Conj/Erth      36%        10d9      100%        8
 Death's Door             Necr           5%         N/A       100%        9
 Dragon's Call            Summ           19%        N/A       100%        9
 Fire Storm               Conj/Fire      46%        8d12      100%        9


Dungeon Overview and Level Annotations

Branches:
Dungeon (15/15)            Temple (1/1) D:5            Lair (5/5) D:10
  Swamp (4/4) Lair:2       Spider (3/4) Lair:3        Slime (0/5) Lair:5
    Orc (2/2) D:11            Elf (0/3) Orc:2        Vaults (0/5) D:13
 Depths (0/4) D:15         Bailey (visited)         Volcano (visited)

Altars:
Ashenzari
Cheibriados
Dithmenos
Elyvilon
Fedhas
Gozag
Hepliaklqana
Kikubaaqudgha
Makhleb
Nemelex Xobeh
Okawaru
Qazlal
Ru
Sif Muna
Trog
Uskayaw
Vehumet
Wu Jian
Xom
Yredelemnul
Zin
The Shining One
Jiyva

Shops:
D:2 :   D:4 ==[   D:5 [   D:7 (   Orc:1 :[?   Orc:2 (((([[*

Annotations:
D:9 2 transporters, Esekla's ghost, novice OpDe
Swamp:1 2 transporters, swinepaste's ghost, journeyman DsMo
Spider:3 Donald


Innate Abilities, Weirdness & Mutations

You are too large for most types of armour.
You have a pair of small horns on your head.
You have tough skin. (AC +1)
You gain doubled healing and magic from potions.
Whenever you drink a healing potion, you attack all around you.
You are clumsy. (Dex -2)


Message History

Press: ? - help, Shift-Dir - straight line, f/p - Donald
Aim: Donald, wielding a +3 vampiric double sword, wearing a +0 plate armour and wearing a +0 kite shield (fast, strong, ally target, umbra, 89% to hit)
You feel a surge of power!
Donald blocks the stone arrow.
Your battlesphere fires!
The barrage of energy hits Donald.
Donald is lightly wounded.
Donald hits you with a +3 vampiric double sword!!
Donald draws strength from your wounds!
Casting: Stone Arrow (safe; 1% risk of failure)
Confirm with . or Enter, or press ? or * to list all spells.
Aiming: Stone Arrow (safe; 1% risk of failure)
Press: ? - help, Shift-Dir - straight line, f/p - Donald
Aim: Donald, wielding a +3 vampiric double sword, wearing a +0 plate armour and wearing a +0 kite shield (fast, strong, ally target, umbra, 89% to hit)
You feel a surge of power!
Donald blocks the stone arrow.
Your battlesphere fires!
The barrage of energy hits Donald!
Donald is lightly wounded.
Donald misses you.
Your spellforged servitor conjures an orb of pure magic.
The wavering orb of destruction weakly hits Donald.
Donald hits your spellforged servitor with a +3 vampiric double sword!!
You swap places.
Donald hits you with a +3 vampiric double sword!!
* * * LOW HITPOINT WARNING * * *
Donald draws strength from your wounds!
Unknown command.
As you read the scroll of teleportation, it crumbles to dust.
You feel strangely unstable.
Donald hits you with a +3 vampiric double sword!!!
* * * LOW HITPOINT WARNING * * *
Your spellforged servitor launches a ball of destructive magic.
The wavering orb of destruction weakly hits Donald.
Donald says, "There, on the ceiling!
And on that wall!"
Donald hits you with a +3 vampiric double sword!!!
* * * LOW HITPOINT WARNING * * *
You emit a cloud of dark smoke.
Donald says, "So, what is this Orb thing, anyway?"
Donald hits you with a +3 vampiric double sword!!
You die...
Donald says, "Well, maybe you weren't so bad after all."

#############
#####.......##.#.
####.#.#<^....##..##
#§##§..###..#....#.#
#9§@§....#..##....##
##@§##..##...#..#^#.
#§*§§#.....###..####
####..##....###....##.
#.^..*...^######..###.
##....#.^.# #.....#...
#...###...###^..#.....
##..#.#....###..#..###
##...^..### ####.^.#


You could see Donald (fast, strong, ally target), a friendly spellforged
servitor (summoned) and a friendly battlesphere.

Vanquished Creatures
  Mara (Swamp:3)
  Mlioglotl (Spider:1)
  Asterion (Spider:1)
  A thorn hunter (Swamp:2)
  Roxanne (Swamp:3)
  5 fenstrider witches
  An orc warlord (D:11)
  2 ghouls (Swamp:3)
  The ghost of D1Gnoll the Grappler, a journeyman TrMo of Cheibriados (Spider:1)
  A very ugly thing (D:15)
  A broodmother (Spider:1)
  4 eleionomae
  Azrael (D:13)
  A red draconian (Volcano)
  7 bunyips
  A green death (Swamp:4)
  A shambling mangrove (Swamp:4)
  Josephine (D:14)
  Fannar (D:10)
  13 hydras
  A vault guard (D:13)
  An ogre mage (Swamp:4)
  A hell beast (Swamp:4)
  5 alligators
  2 ghost crabs
  3 death knights
  8 centaur warriors
  4 catoblepae
  3 boulder beetles
  2 two-headed ogres
  A radroach (Spider:2)
  4 demonic crawlers
  5 tengu warriors
  2 hell hogs (Lair:5)
  2 spriggan berserkers (Swamp:4)
  An orc high priest (Bailey)
  2 sixfirhies (Swamp:4)
  A salamander mystic (Volcano)
  3 goliath frogs
  2 skysharks
  11 skeletal warriors
  A death drake (Swamp:4)
  2 pharaoh ants
  An orb spider (Spider:2)
  9 spriggan druids
  2 bog bodies (Swamp:4)
  2 swamp dragons (Swamp:1)
  4 arcanists (Swamp:4)
  A lindwurm (Lair:5)
  2 phantasmal warriors
  4 oklob plants (Lair:5)
  7 orc knights (Orc:2)
  3 deep elf pyromancers
  A steelbarb worm (Spider:1)
  A shining eye (shapeshifter) (D:15)
  9 orc sorcerers
  11 ugly things
  5 salamanders
  2 will-o-the-wisps
  9 wolf spiders
  5 manticores
  5 cyclopes
  3 meliai (Spider:2)
  6 black mambas
  A kobold blastminer (Orc:2)
  5 elephants (Lair:5)
  3 molten gargoyles
  2 smoke demons (Swamp:4)
  2 orange demons (Swamp:4)
  4 torpor snails
  An unseen horror (D:11)
  2 gargoyles
  4 kobold demonologists
  3 rime drakes
  20 cane toads
  A yaktaur (D:13)
  2 efreet (D:14)
  4 freezing wraiths
  18 komodo dragons
  A tengu conjurer (D:13)
  A queen bee (Spider:2)
  2 bloated husks (Swamp:2)
  13 hornets
  4 polar bears
  8 trolls
  3 hellwings (Swamp:4)
  9 tyrant leeches
  Grinder (D:5)
  16 tarantellas
  2 raiju (D:7)
  24 blink frogs
  5 jumping spiders
  19 slime creatures
  2 shadows
  9 culicivoras
  19 spriggans
  A vampire (D:12)
  2 fire bats (Volcano)
  11 basilisks
  3 fire elementals
  6 wyverns
  67 yaks
  8 wraiths
  2 steam dragons
  9 wargs
  14 redbacks
  8 vampire mosquitoes
  2 chaos spawn (Swamp:4)
  14 swamp worms
  4 hell hounds (Lair:5)
  26 water moccasins
  An acid dragon (D:10)
  A swamp drake (Swamp:3)
  2 black bears
  37 orc warriors
  An ice beast (D:8)
  15 centaurs
  14 wolves
  7 ogres
  8 kobold brigands
  2 gnoll sergeants
  14 bullfrogs
  2 scorpions
  A necrophage (Swamp:3)
  30 killer bees
  9 electric eels
  5 howler monkeys
  9 lava snakes
  2 bombardier beetles
  A hound (D:5)
  2 jellies (D:5)
  18 orc priests
  4 gnoll boudas
  3 iguanas
  Terence (D:2)
  Natasha (twice) (D:2)
  33 orc wizards
  Ijyb (D:3)
  33 gnolls
  7 adders
  2 shadow imps
  4 white imps
  2 dart slugs
  3 ribbon worms
  128 orcs
  10 ball pythons
  6 bats
  9 endoplasms
  5 giant cockroaches
  16 goblins
  25 hobgoblins
  3 jackals (D:4)
  5 quokkas
  4 frilled lizards
  31 kobolds
  6 rats
1116 creatures vanquished.

Vanquished Creatures (collateral kills)
  A fenstrider witch (Swamp:4)
  Louise (Spider:1)
  An emperor scorpion (Spider:2)
  A demonic crawler (Spider:2)
  A spriggan berserker (Swamp:4)
  A jumping spider (Spider:2)
  A warg (Orc:2)
  2 orc warriors (Orc:2)
9 creatures vanquished.

Vanquished Creatures (others)
  A vampire mosquito (D:13)
  A kobold (D:9)
  A blazeheart core (D:13)
  61 foxfires
64 creatures vanquished.

Grand Total: 1189 creatures vanquished

Notes
Turn   | Place    | Note
-------+----------+-------------------------------------------
     0 | D:1      | Strat the Oni Fire Elementalist began the quest for the
                  | Orb.
     0 | D:1      | Reached XP level 1. HP: 16/16 MP: 3/3
    33 | D:1      | Reached skill level 1 in Conjurations
   180 | D:1      | Reached XP level 2. HP: 24/24 MP: 3/5
   561 | D:1      | Reached XP level 3. HP: 31/31 MP: 4/6
   683 | D:1      | Learned a level 2 spell: Scorch
   687 | D:1      | Learned a level 3 spell: Volatile Blastmotes
  1385 | D:2      | Noticed Terence
  1387 | D:2      | Noticed Natasha
  1394 | D:2      | Killed Terence
  1395 | D:2      | Reached XP level 4. HP: 31/39 MP: 2/7
  1398 | D:2      | Killed Natasha
  1690 | D:2      | Reached XP level 5. HP: 33/45 MP: 1/8
  1758 | D:2      | Found Idaenaugo's Book Boutique.
  2690 | D:3      | Reached skill level 5 in Fire Magic
  3094 | D:3      | Noticed Ijyb
  3097 | D:3      | Killed Ijyb
  3460 | D:4      | Found an ornate altar of the Wu Jian Council.
  3496 | D:4      | Reached XP level 6. HP: 53/53 MP: 2/9
  3739 | D:4      | Found Ceamm's Jewellery Emporium.
  3740 | D:4      | Found Lecveb's Jewellery Emporium.
  3745 | D:4      | Found Bitsecuz's Antique Armour Emporium.
  4201 | D:5      | Entered Level 5 of the Dungeon
  4253 | D:4      | Reached XP level 7. HP: 47/59 MP: 3/12
  4325 | D:4      | Learned a level 4 spell: Flame Wave
  4345 | D:5      | Identified the ring of Sucugan {rC+ Will+ AC+4 Int-4 Dex+2}
  4484 | D:5      | Noticed Grinder
  4488 | D:5      | Killed Grinder
  4489 | D:5      | Reached skill level 5 in Spellcasting
  4695 | D:5      | Reached XP level 8. HP: 56/67 MP: 10/15
  4808 | D:5      | Found a staircase to the Ecumenical Temple.
  4840 | Temple   | Entered the Ecumenical Temple
  4923 | Temple   | Became a worshipper of Dithmenos the Shadowed
  5369 | D:5      | Found Faodef's Armour Shop.
  5652 | D:6      | Reached skill level 1 in Fighting
  5838 | D:6      | Reached skill level 2 in Fighting
  5901 | D:6      | Noticed a two-headed ogre
  6099 | D:6      | Found an iron altar of Okawaru.
  6222 | D:6      | Noticed a wyvern
  6231 | D:6      | Killed a wyvern
  6232 | D:6      | Reached skill level 3 in Fighting
  6396 | D:6      | Reached * piety under Dithmenos
  6545 | D:6      | Reached XP level 9. HP: 83/83 MP: 13/17
  6788 | D:6      | Reached skill level 4 in Fighting
  7896 | D:6      | Reached skill level 5 in Fighting
  8074 | D:6      | Reached ** piety under Dithmenos
  8074 | D:6      | Identified the +1 leather armour of the Lute {rCorr Str+3}
  8983 | D:7      | Reached skill level 6 in Fighting
  8983 | D:7      | Reached skill level 10 in Fire Magic
  9429 | D:7      | Reached skill level 7 in Fighting
  9429 | D:7      | Reached XP level 10. HP: 101/102 MP: 13/21
  9609 | D:7      | Reached skill level 8 in Fighting
  9929 | D:7      | Found Keusivesi's Weapon Emporium.
 10144 | D:8      | Found a broken altar of Ashenzari.
 10264 | D:8      | Reached *** piety under Dithmenos
 10265 | D:8      | Reached skill level 9 in Fighting
 10954 | D:8      | Reached skill level 10 in Fighting
 10956 | D:8      | Reached skill level 10 in Spellcasting
 11223 | D:9      | Learned a level 3 spell: Swiftness
 11440 | D:9      | Reached XP level 11. HP: 80/117 MP: 10/25
 11560 | D:9      | Found a hazy altar of Hepliaklqana.
 11626 | D:9      | Reached **** piety under Dithmenos
 11667 | D:9      | Found a flagged portal.
 11691 | Bailey   | Entered a bailey
 11814 | Bailey   | Upgraded the game from 0.31-b1-20-g67cafac56d to
                  | 0.31-b1-22-gc680215f68
 12311 | Bailey   | Learned a level 3 spell: Volatile Blastmotes
 12579 | Bailey   | Identified the +5 trident "Jellybane" {flame, *Rage rCorr
                  | Dex+4}
 12579 | Bailey   | Identified the +1 robe of Responsibility {+Blink +Inv rCorr
                  | Int-5}
 12627 | Bailey   | Reached ***** piety under Dithmenos
 12781 | Bailey   | Found an iron altar of Okawaru.
 12781 | Bailey   | Noticed an orc high priest
 12839 | Bailey   | Killed an orc high priest
 13072 | Bailey   | Reached skill level 1 in Invocations
 13468 | D:6      | Killed a two-headed ogre
 13640 | D:2      | Bought a book of the Dragon for 462 gold pieces
 13646 | D:2      | Learned a level 5 spell: Fireball
 13668 | D:2      | Noticed Natasha
 13670 | D:2      | Killed Natasha
 13952 | D:9      | Identified the +9 great mace of Okawaru, Devouring {freeze,
                  | rF+ rC+ rN+ Stlth+}
 13952 | D:9      | Identified the +4 giant spiked club of Defilement {protect,
                  | +Blink rF- rN+++ Str-3}
 13952 | D:9      | Noticed a two-headed ogre
 13952 | D:9      | Noticed Esekla's ghost (novice OpDe)
 13953 | D:9      | Found a transporter.
 13953 | D:9      | Noticed a two-headed ogre
 13954 | D:9      | Noticed a two-headed ogre
 13955 | D:9      | Noticed a two-headed ogre
 13962 | D:9      | Found a transporter.
 13967 | D:9      | Noticed a two-headed ogre
 14291 | D:9      | Acquired the Volume of Attacks and the Swarm
 14299 | D:9      | Learned a level 5 spell: Iskenderun's Battlesphere
 14306 | D:9      | Learned a level 6 spell: Starburst
 14311 | D:9      | Learned a level 4 spell: Summon Blazeheart Golem
 14330 | D:10     | Entered Level 10 of the Dungeon
 14547 | D:10     | Found a staircase to the Lair.
 14893 | D:10     | Noticed Fannar
 14906 | D:10     | Killed Fannar
 14907 | D:10     | Reached skill level 5 in Conjurations
 15130 | D:11     | Noticed a cyclops
 15672 | D:11     | Reached XP level 12. HP: 99/127 MP: 14/28
 15686 | D:11     | Found a staircase to the Orcish Mines.
 16303 | D:11     | Noticed a two-headed ogre
 16319 | D:11     | Killed a two-headed ogre
 17892 | D:13     | Noticed a centaur warrior
 17900 | D:13     | Killed a centaur warrior
 18033 | D:13     | Found the macabre finger necklace {Finger+ rN+}
 18074 | D:13     | Noticed a catoblepas
 18176 | D:12     | Learned a level 3 spell: Stone Arrow
 18249 | Lair:1   | Entered Level 1 of the Lair of Beasts
 19514 | Lair:2   | Found a dark tunnel.
 19550 | Volcano  | Entered a volcano
 19928 | Volcano  | Found a bloodstained altar of Trog.
 20106 | Volcano  | Reached XP level 13. HP: 134/135 MP: 6/29
 20224 | Volcano  | Noticed a red draconian
 20231 | Volcano  | Killed a red draconian
 20361 | Volcano  | Reached skill level 5 in Invocations
 20800 | Lair:2   | Reached skill level 11 in Fighting
 20992 | Lair:2   | Reached ****** piety under Dithmenos
 21206 | Lair:2   | Found a staircase to the Swamp.
 21209 | Lair:2   | Noticed an eleionoma
 21221 | Lair:2   | Killed an eleionoma
 21403 | Lair:2   | Reached skill level 12 in Fighting
 22167 | Lair:3   | Reached skill level 13 in Fighting
 22692 | Lair:3   | Reached skill level 14 in Fighting
 23544 | Lair:3   | Reached skill level 10 in Conjurations
 23567 | Lair:3   | Found a hole to the Spider Nest.
 24791 | Lair:4   | Reached XP level 14. HP: 156/156 MP: 16/30
 25876 | Lair:5   | Entered Level 5 of the Lair of Beasts
 25876 | Lair:5   | Found a staircase to the Slime Pits.
 25876 | Lair:5   | Found a viscous altar of Jiyva.
 25885 | Lair:4   | Reached skill level 1 in Armour
 26453 | Lair:5   | Learned a level 1 spell: Apportation
 26531 | Lair:5   | Reached skill level 10 in Invocations
 28201 | Lair:5   | Reached skill level 5 in Armour
 28654 | Lair:5   | Reached skill level 15 in Spellcasting
 29483 | Lair:5   | Learned a level 2 spell: Sublimation of Blood
 29658 | Lair:5   | Reached XP level 15. HP: 165/165 MP: 23/34
 30114 | Lair:5   | Found a large runed translucent door.
 30115 | Lair:5   | Found a large runed translucent door.
 30862 | Orc:1    | Entered Level 1 of the Orcish Mines
 31006 | Orc:1    | Found Piup Lys's Book Emporium.
 31033 | Orc:1    | Noticed an orc warlord
 31267 | D:13     | Reached skill level 15 in Fighting
 31362 | D:13     | Noticed Azrael
 31366 | D:13     | Killed Azrael
 32540 | D:13     | Identified the +2 leather armour "Memuoklo" {Dex+5 Slay+3
                  | SInv}
 32727 | D:13     | Reached skill level 16 in Fighting
 33103 | D:13     | Identified the amulet of Life {Reflect Rampage Dex+4 SH+5}
 33284 | D:13     | Got the Omnibus of Red Hoarfrost
 34564 | D:13     | Found a gate to the Vaults.
 34675 | D:14     | Reached skill level 17 in Fighting
 35642 | D:14     | Identified the +9 falchion of Indignation {pain, rElec
                  | rPois Int+3 SInv}
 35705 | D:14     | Found a radiant altar of Vehumet.
 36318 | D:14     | Noticed Josephine
 36336 | D:14     | Reached XP level 16. HP: 174/185 MP: 17/35
 36498 | D:14     | Killed Josephine
 36722 | D:15     | Entered Level 15 of the Dungeon
 37054 | D:15     | Found the +6 lightning scales {swift, rElec}
 37084 | D:15     | Reached skill level 18 in Fighting
 38554 | D:15     | Found a staircase to the Depths.
 38562 | D:15     | Gained mutation: You are clumsy. (Dex -2) [a shining eye]
 39301 | Orc:1    | Found Uhuwnua's Antique Armour Emporium.
 39322 | Orc:1    | Found Tojucrae's Magic Scroll Shoppe.
 39436 | Orc:1    | You fall into a shaft and drop 1 floor!
 39436 | Orc:2    | Entered Level 2 of the Orcish Mines
 39477 | Orc:2    | Found Fic Apre's Weapon Shop.
 39574 | Orc:2    | Found a staircase to the Elven Halls.
 39893 | Orc:2    | Reached skill level 19 in Fighting
 40579 | Orc:2    | Found Riunk's Assorted Antiques.
 41100 | Orc:2    | Found Xehathur's Weapon Boutique.
 41269 | Orc:2    | Found Qosaxtee's Antique Weapon Shop.
 41284 | Orc:2    | Found Muveir's Antique Weapon Boutique.
 41409 | Orc:2    | Found Vuiz's Armour Boutique.
 41410 | Orc:2    | Found Celakuxu's Antique Armour Shop.
 42006 | Orc:1    | Bought a book of the Spheres for 1024 gold pieces
 42014 | Orc:1    | Learned a level 7 spell: Orb of Destruction
 42117 | Swamp:1  | Entered Level 1 of the Swamp
 42181 | Swamp:1  | Found a transporter.
 42298 | Swamp:1  | Reached skill level 1 in Summonings
 42382 | Swamp:1  | Noticed swinepaste's ghost (journeyman DsMo)
 42384 | Swamp:1  | Found a transporter.
 43884 | Swamp:1  | Learned a level 7 spell: Spellforged Servitor
 44284 | Swamp:2  | Reached XP level 17. HP: 198/198 MP: 23/38
 44691 | Swamp:2  | Reached skill level 5 in Summonings
 45585 | Swamp:3  | Noticed Mara
 46014 | Swamp:3  | Killed Mara
 46728 | Swamp:3  | Noticed Roxanne
 47166 | Swamp:3  | Killed Roxanne
 47349 | Swamp:4  | Entered Level 4 of the Swamp
 48991 | Swamp:4  | Paralysed by a fenstrider witch for 5 turns
 50014 | Swamp:4  | Reached skill level 10 in Summonings
 50166 | Swamp:4  | Reached XP level 18. HP: 208/208 MP: 23/39
 50484 | Swamp:4  | Got a decaying rune of Zot
 51082 | Spider:1 | Entered Level 1 of the Spider Nest
 51642 | Spider:1 | Acquired the sphere of Battle
 51642 | Spider:1 | Found the sphere of Battle
 51649 | Spider:1 | Acquired 966 gold pieces
 51651 | Spider:1 | Acquired 997 gold pieces
 51658 | Spider:1 | Noticed Asterion
 51674 | Spider:1 | Killed Asterion
 51675 | Spider:1 | HP: 9/206 [burnt (14)]
 52158 | Spider:1 | Noticed Mlioglotl
 52162 | Spider:1 | Killed Mlioglotl
 52454 | Spider:1 | Noticed Louise
 52472 | Spider:1 | Killed Louise
 52647 | Spider:1 | Found a runed translucent door.
 52649 | Spider:1 | Noticed D1Gnoll's ghost (journeyman TrMo)
 52962 | Spider:1 | Killed D1Gnoll's ghost
 54666 | Spider:3 | Noticed Donald
 54680 | Spider:3 | Slain by Donald

Illustrated notes

Levels and vault maps discovered:
D:1:      amcnicky_arrival_choice, layout_basic
D:2:      minmay_angry_zag, layout_loops_corners, serial_shops, shop,
          dk_noncrumbling_4, uniq_natasha, uniq_terence
D:3:      layout_rooms, chequers_serial_rivers_room_a, uniq_ijyb
D:4:      layout_cave_pools, mainiacjoe_overflow_surrounded_room,
          nicolae_shop_distant_corner_stores
D:5:      layout_loops_cross, minmay_temple_entry_mini_moons, serial_shops,
          nicolae_shop_tiny_real_fake_doors, uniq_grinder
D:6:      kennysheep_housing_project, layout_cave_pools,
          kennysheep_okawaru_gauntlet, minmay_puff
D:7:      layout_basic, serial_shops, shop, nicolae_have_a_lightning_rod
D:8:      layout_loops_ring, cheibrodos_ashenzari_chains
D:9:      layout_irregular_city, general_overflow_altar, enter_bailey_4,
          gammafunk_ghost_smash
D:10:     layout_rooms, lair_entry_dummy, hangedman_abyss_or_decor_slice,
          uniq_fannar
D:11:     layout_loops_ring, hiddenorc2_lemuel
D:12:     layout_loops_cross, columned_hall_lemuel
D:13:     minmay_the_grid_plus_closed [minmay_the_grid_odd_star,
          minmay_the_grid_broken_lines, minmay_the_grid_expand,
          minmay_the_grid_pillar_ring,
          minmay_the_grid_prize_four_corners_diamond_a], layout_loops_cross,
          david_vaults_5, mumra_transporter_accident, lemuel_old_faithful,
          uniq_azrael
D:14:     layout_long_grid, nicolae_vehumet_radiance, uniq_josephine
D:15:     hangedman_depths_entry_try_elsewhere_first, layout_irregular_city
Temple:   hc_temple_tempest_star
Lair:1:   layout_concentric_octagons, minmay_stone_trees_medium
Lair:2:   layout_gridlike, alex1729_swamp_entry_worm_eleionoma, enter_volcano_2,
          beast_lair_carwin_3, infiniplex_staircase_pool_2, lemuel_fruit_fields
Lair:3:   layout_misc_corridors, nicolae_spider_entry_tight_spaces,
          serial_bayou_pond_a, serial_bayou_pond_b, grunt_megastairs_3
Lair:4:   layout_layer_cave, grunt_megastairs_1
Lair:5:   cheibrodos_lair_end_hotspot, layout_hall_layers,
          minmay_slime_entry_oklob_open
Swamp:1:  layout_falls_marsh, gammafunk_ghost_mausoleum, hangedman_swamp_lotus
Swamp:2:  layout_falls_marsh, nicolae_swamp_stuck_in_the_mud,
          nicolae_swamp_long_stream
Swamp:3:  layout_basic_swamp, evilmike_swamp_ruin_wall, swamp_pool_5,
          uniq_roxanne, uniq_mara
Swamp:4:  nzn_swamp_witches_coven, layout_basic_swamp
Spider:1: layout_spider_delve, hellmonk_ghost_happy_afterlife, uniq_mlioglotl,
          uniq_asterion, uniq_louise
Spider:2: layout_spider_delve, special_room [special_room_bee]
Spider:3: layout_spider_delve, portal_ice_cave_entry_pillars_2, drop_trap,
          uniq_nikola, uniq_donald
Orc:1:    layout_diamond_mine, serial_shops, shop, nicolae_shop_tiny_glass,
          shop, nicolae_shop_rolling_square
Orc:2:    st_orc_town, layout_caves, serial_shops, shop, nicolae_shop_stone,
          nicolae_shop_rolling_square, shop

Skill      XL: |  1  2  3  4  5  6  7  8  9 10 11 12 13 14 15 16 17 18 |
---------------+-------------------------------------------------------+-----
Conjurations   | 1 2 3 5 9 10 12 13 14 | 14.4
Fire Magic     | 3 4 5 6 7 8 10 11 12 | 12.0
Spellcasting   | 3 5 7 10 12 15 17 | 17.9
Fighting       | 3 7 10 14 17 19 | 19.4
Invocations    | 2 4 8 10 | 10.0
Armour         | 5 |  5.0
Summonings     | 4 10 | 10.9
Dodging        | |  1.7
Stealth        | |  1.4

Action                     |  1- 3 |  4- 6 |  7- 9 | 10-12 | 13-15 | 16-18 || total
---------------------------+-------+-------+-------+-------+-------+-------++-------
  Melee: Short sword       |     9 |       |       |       |       |       ||     9
         Headbutt          |     4 |     4 |     3 |    32 |    16 |    16 ||    75
         Mace              |    17 |       |       |       |       |       ||    17
         Staff             |       |    36 |    10 |    25 |     1 |       ||    72
         Flail             |       |       |       |    97 |    60 |       ||   157
         Punch             |       |       |       |       |     1 |     3 ||     4
         Falchion          |       |       |       |       |     3 |   109 ||   112
   Cast: Foxfire           |    30 |       |       |     7 |       |       ||    37
         Scorch            |    17 |    59 |   176 |   316 |   124 |     4 ||   696
         Flame Wave        |       |       |     2 |    37 |    10 |    18 ||    67
         Stone Arrow       |       |       |       |    33 |   271 |   461 ||   765
         Fireball          |       |       |       |     5 |   144 |    92 ||   241
         Iskenderun's Batt |       |       |       |     3 |   100 |   109 ||   212
         Swiftness         |       |       |       |     1 |       |       ||     1
         Starburst         |       |       |       |       |     2 |       ||     2
         Sublimation of Bl |       |       |       |       |     1 |     2 ||     3
         Summon Blazeheart |       |       |       |       |     1 |       ||     1
         Spellforged Servi |       |       |       |       |       |     8 ||     8
  Evoke: Wand              |       |       |     2 |    11 |    10 |       ||    23
         Lightning rod     |       |       |       |       |     3 |       ||     3
         Box of beasts     |       |       |       |       |     1 |       ||     1
    Use: Scroll            |       |     6 |     8 |    20 |     9 |    15 ||    58
         Potion            |       |       |     2 |     4 |     6 |     7 ||    19
   Stab: Paralysed         |       |       |       |     1 |       |       ||     1
 Armour: Robe              |    30 |    34 |    69 |   158 |       |       ||   291
         Troll leather arm |       |       |       |    79 |   314 |   171 ||   564
         Fire dragon scale |       |       |       |       |     3 |       ||     3
         Swamp dragon scal |       |       |       |       |       |   222 ||   222
  Dodge: Dodged            |    11 |    24 |    48 |   299 |   226 |   304 ||   912
  Block: Other             |       |    10 |    21 |    73 |    45 |       ||   149
         Reflection        |       |       |     6 |     5 |       |       ||    11
